 Dungeon Crawl Stone Soup version 0.22.1-1-ga44c0e5 (webtiles) character file.

58 Monsterracer the Magician (level 4, 0/30 HPs)
             Began as a Human Wanderer on Oct 4, 2018.
             Killed from afar by an orc wizard (6 damage)
             ... with a magic dart
             ... on level 2 of the Dungeon.
             The game lasted 00:04:40 (2691 turns).

Monsterracer the Magician (Human Wanderer)          Turns: 2691, Time: 00:04:40

Health: 0/30       AC:  2    Str: 11    XL:     4   Next: 21%
Magic:  0/10       EV: 11    Int: 12    God:
Gold:   43         SH:  0    Dex: 15    Spells: 2/11 levels left

rFire    . . .     SeeInvis .   a - +2 spear (flame)
rCold    . . .     Gourm    .   (no shield)
rNeg     . . .     Faith    .   d - +0 robe
rPois    .         Spirit   .   (no helmet)
rElec    .         Reflect  .   (no cloak)
rCorr    .         Harm     .   (no gloves)
MR       .....                  (no boots)
Stlth    +.........             (no amulet)
HPRegen  0.10/turn              (no ring)
MPRegen  0.12/turn              (no ring)

@: very slightly contaminated
A: no striking features
a: no special abilities


You were on level 2 of the Dungeon.
You were hungry.

You visited 1 branch of the dungeon, and saw 3 of its levels.

You collected 43 gold pieces.

Inventory:

Hand Weapons
 a - a +2 spear of flaming (weapon)
Armour
 d - a +0 robe (worn)
Wands
 f - a wand of random effects (15)
 m - a wand of iceblast (11)
Scrolls
 e - 2 scrolls of teleportation {unknown}
 g - a scroll of identify {unknown}
 i - a scroll of fog {unknown}
 j - a scroll of enchant armour {unknown}
 k - a scroll of remove curse {unknown}
 l - a scroll of blinking {unknown}
Potions
 b - a potion of lignification
 h - a potion of curing {unknown}
Comestibles
 c - 2 rations


   Skills:
 - Level 4.0 Spellcasting
 + Level 3.5 Conjurations
   Level 1.0 Hexes
   Level 1.0 Summonings
   Level 2.0 Ice Magic
 - Level 2.0 Evocations


You had 2 spell levels left.
You knew the following spells:

 Your Spells              Type           Power        Failure   Level  Hunger
a - Magic Dart            Conj           ##..         5%          1    #......
b - Conjure Flame         Conj/Fire      #.......     32%         3    ###....
c - Mephitic Cloud        Conj/Pois/Air  #.......     38%         3    ###....
e - Blink                 Tloc           N/A          32%         2    ##.....

Your spell library contained the following spells:

 Spells                   Type           Power        Failure   Level  Hunger
 Call Imp                 Summ           #.......     22%         2    ##.....
 Slow                     Hex            #.......     22%         2    ##.....


Dungeon Overview and Level Annotations

Branches:
Dungeon (3/15)

Altars:
Dithmenos


Message History

Aiming: Magic Dart (safe; 5% risk of failure)
Press: ? - help, Shift-Dir - straight line, f/p - orc wizard
Aim: an orc wizard, wielding a dagger and wearing a robe (moderately wounded)
The magic dart hits the orc wizard.
The orc wizard is moderately wounded.
An orc comes into view. It is wielding a club.
You now have 7/10 mp.
Casting: Magic Dart (safe; 5% risk of failure)
Confirm with . or Enter, or press ? or * to list all spells.
Aiming: Magic Dart (safe; 5% risk of failure)
Press: ? - help, Shift-Dir - straight line, f/p - orc wizard
Aim: an orc wizard, wielding a dagger and wearing a robe (moderately wounded)
The magic dart hits the orc wizard.
The orc wizard is moderately wounded.
An orc priest comes into view. It is wielding a mace.
A giant cockroach comes into view.
The orc priest moves out of view.
You now have 6/10 mp.
The orc wizard hits you with a dagger.
You climb upwards.
There is a stone staircase leading down here.
You take 2 damage, and have 28/30 hp.
Casting: Magic Dart (safe; 5% risk of failure)
Confirm with . or Enter, or press ? or * to list all spells.
Aiming: Magic Dart (safe; 5% risk of failure)
Press: ? - help, Shift-Dir - straight line, f - orc wizard
Aim: an orc wizard, wielding a dagger and wearing a robe (moderately wounded)
The magic dart hits the orc wizard.
The orc wizard is moderately wounded.
The orc wizard barely misses you.
You now have 5/10 mp.
Casting: Magic Dart (safe; 5% risk of failure)
Confirm with . or Enter, or press ? or * to list all spells.
Aiming: Magic Dart (safe; 5% risk of failure)
Press: ? - help, Shift-Dir - straight line, f/p - orc wizard
Aim: an orc wizard, wielding a dagger and wearing a robe (moderately wounded)
The magic dart hits the orc wizard.
The orc wizard is heavily wounded.
The orc wizard casts a spell at you. The magic dart hits you!
You take 9 damage, and have 19/30 hp.
MASSIVE DAMAGE!!
Casting: Magic Dart (safe; 5% risk of failure)
Confirm with . or Enter, or press ? or * to list all spells.
Aiming: Magic Dart (safe; 5% risk of failure)
Press: ? - help, Shift-Dir - straight line, f/p - orc wizard
Aim: an orc wizard, wielding a dagger and wearing a robe (heavily wounded)
You miscast Magic Dart.
You are very lightly contaminated with residual magic.
Nothing appears to happen.
The orc wizard completely misses you.
You now have 4/10 mp.
Casting: Magic Dart (safe; 5% risk of failure)
Confirm with . or Enter, or press ? or * to list all spells.
Aiming: Magic Dart (safe; 5% risk of failure)
Press: ? - help, Shift-Dir - straight line, f/p - orc wizard
Aim: an orc wizard, wielding a dagger and wearing a robe (heavily wounded)
The magic dart hits the orc wizard.
The orc wizard is heavily wounded.
The orc wizard gestures at you while chanting.
The magic dart hits you!
* * * LOW HITPOINT WARNING * * *
You take 7 damage, and have 12/30 hp.
MASSIVE DAMAGE!!
You now have 3/10 mp.
Casting: Magic Dart (safe; 5% risk of failure)
Confirm with . or Enter, or press ? or * to list all spells.
Aiming: Magic Dart (safe; 5% risk of failure)
Press: ? - help, Shift-Dir - straight line, f/p - orc wizard
Aim: an orc wizard, wielding a dagger and wearing a robe (heavily wounded)
The magic dart hits the orc wizard.
The orc wizard is heavily wounded.
The orc wizard hits you with a dagger.
* * * LOW HITPOINT WARNING * * *
You take 3 damage, and have 9/30 hp.
You now have 2/10 mp.
Casting: Magic Dart (safe; 5% risk of failure)
Confirm with . or Enter, or press ? or * to list all spells.
Aiming: Magic Dart (safe; 5% risk of failure)
Press: ? - help, Shift-Dir - straight line, f/p - orc wizard
Aim: an orc wizard, wielding a dagger and wearing a robe (heavily wounded)
The magic dart hits the orc wizard.
The orc wizard is heavily wounded.
The orc wizard hits you with a dagger.
* * * LOW HITPOINT WARNING * * *
You take 3 damage, and have 6/30 hp.
You now have 1/10 mp.
Casting: Magic Dart (safe; 5% risk of failure)
Confirm with . or Enter, or press ? or * to list all spells.
Aiming: Magic Dart (safe; 5% risk of failure)
Press: ? - help, Shift-Dir - straight line, f/p - orc wizard
Aim: an orc wizard, wielding a dagger and wearing a robe (heavily wounded)
You miscast Magic Dart.
Nothing appears to happen.
The orc wizard hits you but does no damage.
You now have 0/10 mp.
Casting: Magic Dart (safe; 5% risk of failure)
Confirm with . or Enter, or press ? or * to list all spells.
You don't have enough magic to cast that spell.
Unknown command.
You miss the orc wizard.
The orc wizard is heavily wounded.
The orc wizard gestures wildly while chanting.
The orc wizard blinks!
The orc wizard gestures at you while chanting.
The magic dart hits you!
You die...

#.# #### #.# #
##############
#...........##
######.#########...
#o.....# #.# ####
#...#### #.# #
#>..# #.# ####
#.@.# #####.####.##
#...# #............
#...# #..........##
#...# #............
#...# #####.#######
#...# #.# #
#...##### #.# #
###.....###.# ##
#####..##.# ##.


You could see an orc wizard.

Vanquished Creatures
  An adder (D:2)
  An ooze (D:1)
  3 worms
  3 dart slugs (D:1)
  A giant cockroach (D:2)
  3 goblins
  2 hobgoblins
  4 jackals (D:2)
  A quokka (D:2)
  4 bats
  3 frilled lizards
  4 kobolds
  2 rats (D:2)
32 creatures vanquished.

Notes
Turn   | Place    | Note
-------+----------+-------------------------------------------
     0 | D:1      | Monsterracer the Human Wanderer began the quest for the
                  | Orb.
     0 | D:1      | Monsterracer set off with: a potion of lignification, a
                  | ration, a +0 robe, a +0 dagger, a wand of random effects
                  | (15)
     0 | D:1      | Reached XP level 1. HP: 13/13 MP: 5/5
     2 | D:1      | Learned a level 1 spell: Magic Dart
   304 | D:1      | Reached skill level 1 in Conjurations
   371 | D:1      | Reached XP level 2. HP: 15/19 MP: 0/7
  1168 | D:1      | Reached XP level 3. HP: 24/24 MP: 5/8
  1172 | D:1      | Learned a level 2 spell: Blink
  1176 | D:1      | Learned a level 3 spell: Conjure Flame
  1180 | D:1      | Learned a level 3 spell: Mephitic Cloud
  1287 | D:2      | Found a shadowy altar of Dithmenos.
  2017 | D:2      | Reached XP level 4. HP: 30/30 MP: 6/10
  2686 | D:2      | HP: 12/30 [orc wizard/magic dart (7)]
  2691 | D:2      | Killed from afar by an orc wizard

Skill      XL: |  1  2  3 |
---------------+----------+-----
Conjurations   | 1 2 3 |  3.5
Spellcasting   | |  4.0
Hexes          | |  1.0
Summonings     | |  1.0
Ice Magic      | |  2.0
Evocations     | |  2.0

Action                   |  1- 3 |  4- 6 || total
-------------------------+-------+-------++-------
Melee: Dagger            |     4 |       ||     4
       Spear             |     5 |     1 ||     6
 Cast: Magic Dart        |    78 |    30 ||   108
 Stab: Sleeping          |     1 |       ||     1
  Eat: Chunk             |     3 |     2 ||     5
Armor: Robe              |     1 |       ||     1
Dodge: Dodged            |    14 |     4 ||    18

Vault maps used:
D:1:      nagdon_arrival_zigzag_paths
D:2:      cheibrodos_helix_gallery, serial_co_window_serial, co_window_paths_a,
          co_window_paths_a, co_window_corner_a, co_window_of_opportunity_a,
          co_window_cross_1, co_window_paths_b, co_window_corner_b,
          co_window_of_opportunity_b, co_window_paths_c,
          co_window_unsneaky_path_d, co_window_unsneaky_path_b, glass_columns_a,
          glass_columns_b, glass_columns_c, grunt_dithmenos_smoke
D:3:      cheibrodos_thug_alley, chequers_ecumenical_altar_lobes,
          hangedman_abyss_or_decor_stabs
